 Dungeon Crawl Stone Soup version 0.27.1-3-gb3d3a73c9e (webtiles) character file.

Game seed: 18200781319232116141

9915 Gabide the Nimble (level 11, -8/117 HPs)
             Began as a Human Artificer on Oct 29, 2021.
             Was a High Priest of Hepliaklqana.
             Mangled by harness's ghost (10 damage)
             ... on level 10 of the Dungeon.
             The game lasted 00:27:10 (10737 turns).

Gabide the Nimble (Human Artificer)                Turns: 10737, Time: 00:27:10

Health: -8/117     AC: 29    Str: 14    XL:     11   Next: 83%
Magic:  11/11      EV:  2    Int: 12    God:    Hepliaklqana [*****.]
Gold:   759        SH:  0    Dex: 15    Spells: 10/10 levels left

rFire    . . .     SeeInvis .   u - +5 battleaxe (freeze)
rCold    . . .     Faith    .   (shield currently unavailable)
rNeg     + + +     Spirit   .   (armour currently unavailable)
rPois    +         Reflect  .   (helmet currently unavailable)
rElec    .         Harm     .   (cloak currently unavailable)
rCorr    .         Rampage  .   (gloves currently unavailable)
Will     .....     NoTele   +   (boots currently unavailable)
Stlth    ++........             t - amulet of regeneration
HPRegen  1.29/turn              l - ring of poison resistance
MPRegen  0.12/turn              f - +4 ring of protection

@: mighty, tree-form
A: stationary, stasis, torment immunity, boosted hp, reduced essence
a: Renounce Religion, Recall Ancestor, Ancestor Identity, Transference, Idealise


You were on level 10 of the Dungeon.
You worshipped Hepliaklqana.
Hepliaklqana was extremely pleased with you.
You were a tree.
You visited 1 branch of the dungeon, and saw 10 of its levels.

You collected 759 gold pieces.

Inventory:

Hand Weapons
 m - the +7 whip "Orb Guardian's Peril" {vorpal, rN+ Dex+4}
   (You found it on level 4 of the Dungeon)

   It inflicts extra damage upon your enemies.
   Dex:       It affects your dexterity (+4).
   rN:        It protects you from negative energy.
 u - a +5 battleaxe of freezing (weapon)
 z - a +2 morningstar of protection
Missiles
 D - a throwing net
Armour
 a - +4 swamp dragon scales (melded)
 G - a +0 cloak (melded)
Jewellery
 e - a ring of protection from cold
 f - a +4 ring of protection (right branch)
 l - a ring of poison resistance (left branch)
 s - a ring of magical power
 t - an amulet of regeneration (around neck)
 y - a ring of magical power
 H - an amulet of the acrobat
Wands
 b - a wand of mindburst (11)
 d - a wand of charming (3)
 A - a wand of digging (7)
Scrolls
 w - a scroll of amnesia
 F - a scroll of enchant weapon {unknown}
Potions
 g - 2 potions of mutation
 h - 3 potions of attraction
 i - 2 potions of brilliance {unknown}
 k - 3 potions of lignification
 n - 3 potions of curing
 o - a potion of flight {unknown}
 p - a potion of heal wounds {unknown}
 r - 2 potions of haste {unknown}
 E - 2 potions of cancellation {unknown}
Miscellaneous
 v - a piece from Xom's chessboard (3/15)
 B - a piece from Xom's chessboard (3/15)


   Skills:
 * Level 8.5 Fighting
 * Level 3.6(6.6) Axes
 - Level 8.7(9.0) Maces & Flails
 + Level 7.1 Armour
 * Level 9.0 Dodging
 - Level 1.0 Stealth
 * Level 6.3 Evocations


You had 10 spell levels left.
You didn't know any spells.
Your spell library contained the following spells:

 Spells                   Type           Power      Damage    Failure   Level
 Animate Skeleton         Necr           0%         N/A       32%         1
 Pain                     Necr           0%         1d4       32%         1
 Static Discharge         Conj/Air       0%         N/A       45%         2
 Vampiric Draining        Necr           0%         2d6       69%         3
 Agony                    Necr           0%         N/A       100%        5
 Excruciating Wounds      Necr           0%         N/A       100%        5
 Lightning Bolt           Conj/Air       0%         1d11      100%        5
 Maxwell's Capacitive Co  Air            0%         ∞         100%        8


Dungeon Overview and Level Annotations

Branches:
Dungeon (10/15)            Temple (0/1) D:5            Lair (0/6) D:10
    Orc: D:9-12

Altars:
Ashenzari
Dithmenos
Fedhas
Gozag
Hepliaklqana
Kikubaaqudgha
Makhleb
Nemelex Xobeh
Qazlal
Trog
Vehumet
Wu Jian
Yredelemnul
Beogh
Lugonu

Shops:
D:4 [

Portals:
Abyss: D:10

Annotations:
D:10 harness's ghost, journeyman DrTm


Message History

Something hits Ealamassi.
Harness's ghost hits you!
* * * LOW HITPOINT WARNING * * *
Ealamassi closely misses the orc priest.
The orc warrior hits you from afar with a +0 halberd.
* * * LOW HITPOINT WARNING * * *
You feel better.
Something hits Ealamassi but does no damage.
Harness's ghost hits you but does no damage.
Ealamassi hits the orc priest with a +0 flail.
The orc warrior hits you but does no damage.
The orc hits Ealamassi but does no damage.
You feel better.
Ealamassi blocks something's attack.
The orc priest invokes the aid of Beogh against you.
Beogh smites you!
* * * LOW HITPOINT WARNING * * *
Harness's ghost completely misses you.
Ealamassi hits the orc with a +0 flail!
The orc dies!
The orc warrior hits you but does no damage.
You closely miss harness's ghost.
Harness's ghost is moderately damaged.
Ealamassi blocks something's attack.
The orc priest looks braver for a moment.
Harness's ghost hits you but does no damage.
Ealamassi completely misses the orc priest.
The orc warrior hits you but does no damage.
Something hits Ealamassi but does no damage.
You slice harness's ghost!! You freeze harness's ghost!
Harness's ghost is heavily damaged.
Harness's ghost hits you!
* * * LOW HITPOINT WARNING * * *
Ealamassi hits the orc priest with a +0 flail.
The orc priest dies!
The orc warrior hits you but does no damage.
Ealamassi blocks something's attack.
Harness's ghost hits you!
* * * LOW HITPOINT WARNING * * *
The orc warrior hits you but does no damage.
As you read the scroll labelled JILETO LYAP, it crumbles to dust.
It is a scroll of amnesia.
You feel forgetful for a moment. Harness's ghost hits you!
You die...

#.§∩.#....##.# ##.<.........
R##§#.#..#.#.# #.#.######<.
#..._.#..##..# #.#.# #..
.###..#..###.## #.#.# ###..
#R...##...##).########.#.# #....
.#R###.#...............#.# #.##.
.(###.#.<##...##.####.##.# #.##.
.#...###.#.##.##.# #.##.####.##.
#.........###.##♣# #............
##.#####.####.##W# ####.........
#..............oR############.###
#..####8......)o.....8# ##...#
...# #######')'############.###†
#..# #.........o...#.......# #.
#..# #....#####....#######.###.
#..# #.###...o.###.# ##...# #..#
#.#8#..8..#8#.# ##.##


You could see the friendly Ealamassi the knight, an orc warrior, an orc priest,
harness's ghost (ally target) and an orc.

Vanquished Creatures
  A two-headed ogre (D:10)
  2 elephants (D:9)
  Maurice (D:10)
  A kobold demonologist (D:10)
  2 trolls
  A wyvern (D:9)
  3 yaks
  2 steam dragons
  4 orc warriors
  4 black bears
  A necrophage (D:6)
  An ice beast (D:5)
  3 centaurs
  2 kobold brigands
  2 scorpions (D:5)
  A wyvern skeleton (D:7)
  5 killer bees
  12 wights
  2 centaur zombies (D:9)
  4 jellies
  3 hounds
  5 orc priests
  2 iguanas
  8 orc wizards
  Natasha (twice) (D:2)
  A killer bee zombie (D:7)
  A hound skeleton (D:6)
  4 gnolls
  A howler monkey skeleton (D:7)
  2 adders
  A shadow imp (D:6)
  2 white imps (D:7)
  2 dart slugs
  23 orcs
  3 bats
  An endoplasm (D:3)
  A giant cockroach (D:1)
  5 goblins
  6 hobgoblins
  A jackal (D:5)
  2 quokkas (D:4)
  7 ball pythons
  17 kobolds
  3 rats
  A lurking horror (D:10)
158 creatures vanquished.

Vanquished Creatures (collateral kills)
  2 elephants (D:8)
  5 yaks
  2 steam dragons
  Menkaure (D:5)
  2 wargs (D:10)
  3 orc warriors
  3 ice beasts
  2 black bears
  A gnoll sergeant (D:8)
  2 scorpions
  2 wyvern zombies
  A killer bee (D:9)
  7 wights
  5 orc priests
  Jessica (D:2)
  A centaur skeleton (D:6)
  Natasha (D:2)
  2 orc wizards
  4 adders
  2 gnolls (D:8)
  A dart slug (D:4)
  14 orcs
  A ball python (D:4)
  A bat (D:2)
  2 endoplasms
  2 hobgoblins (D:3)
  A jackal (D:5)
  A kobold (D:5)
  2 quokkas
  4 goblins
78 creatures vanquished.

Vanquished Creatures (others)
  2 yaks
  5 knights
  4 fungi (D:8)
  A lurking horror (D:10)
  5 plants
17 creatures vanquished.

Grand Total: 253 creatures vanquished

Notes
Turn   | Place    | Note
-------+----------+-------------------------------------------
     0 | D:1      | Gabide the Human Artificer began the quest for the Orb.
     0 | D:1      | Reached XP level 1. HP: 15/15 MP: 1/1
    21 | D:1      | Found a faded altar of an unknown god.
   288 | D:1      | Became a worshipper of Hepliaklqana the Forgotten
   288 | D:1      | Reached * piety under Hepliaklqana
   890 | D:1      | Reached XP level 2. HP: 15/18 MP: 2/2
  1511 | D:2      | Noticed Natasha
  1517 | D:2      | Killed Natasha
  1518 | D:2      | Reached XP level 3. HP: 23/23 MP: 3/3
  1683 | D:2      | Reached ** piety under Hepliaklqana
  1685 | D:2      | Remembered your ancestor Ealamassi as a knight
  1704 | D:2      | Reached XP level 4. HP: 28/28 MP: 4/4
  1717 | D:2      | Noticed Jessica
  1723 | D:2      | Killed Jessica
  2013 | D:2      | Noticed Natasha
  2022 | D:2      | Killed Natasha
  2023 | D:2      | Reached skill level 1 in Maces & Flails
  2023 | D:2      | Reached XP level 5. HP: 15/34 MP: 5/5
  2047 | D:2      | Noticed Natasha
  2051 | D:2      | Killed Natasha
  2052 | D:2      | Reached skill level 2 in Dodging
  2574 | D:3      | Reached XP level 6. HP: 12/39 MP: 6/6
  3141 | D:3      | Found a stormy altar of Qazlal.
  3933 | D:4      | Identified the +7 whip "Orb Guardian's Peril" {vorpal, rN+
                  | Dex+4}
  3949 | D:4      | Reached *** piety under Hepliaklqana
  4067 | D:4      | Found a basalt altar of Yredelemnul.
  4069 | D:4      | Found a blossoming altar of Fedhas.
  4191 | D:4      | Noticed an ice beast
  4200 | D:4      | Killed an ice beast
  4618 | D:4      | Found Kadiz's Antique Armour Shop.
  4655 | D:4      | Noticed a yak
  4655 | D:4      | Noticed a yak
  4656 | D:4      | Noticed a yak
  4657 | D:4      | Noticed a yak
  4658 | D:4      | Noticed a yak
  4664 | D:4      | Killed a yak
  4665 | D:4      | Reached skill level 3 in Dodging
  4665 | D:4      | Reached XP level 7. HP: 41/46 MP: 7/7
  4669 | D:4      | Killed a yak
  4675 | D:4      | Killed a yak
  4676 | D:4      | Reached XP level 8. HP: 33/54 MP: 8/8
  4689 | D:4      | Killed a yak
  4690 | D:4      | Reached skill level 4 in Dodging
  5389 | D:5      | Entered Level 5 of the Dungeon
  5469 | D:5      | Reached skill level 5 in Evocations
  5557 | D:5      | Found a staircase to the Ecumenical Temple.
  5583 | D:5      | Noticed Menkaure
  5592 | D:5      | Killed Menkaure
  5593 | D:5      | Reached skill level 5 in Dodging
  5593 | D:5      | Reached XP level 9. HP: 21/59 MP: 9/9
  5936 | D:5      | Found an opulent altar of Gozag.
  5963 | D:5      | Found a broken altar of Ashenzari.
  6016 | D:5      | Reached **** piety under Hepliaklqana
  6020 | D:5      | Reached skill level 5 in Maces & Flails
  6070 | D:5      | Found a bloodstained altar of Trog.
  6399 | D:6      | Found a radiant altar of Vehumet.
  6407 | D:6      | Reached skill level 5 in Fighting
  6698 | D:6      | Found a burning altar of Makhleb.
  6707 | D:6      | Reached skill level 6 in Dodging
  6817 | D:6      | Reached skill level 5 in Armour
  7172 | D:7      | Found an ancient bone altar of Kikubaaqudgha.
  7249 | D:7      | Found an ornate altar of the Wu Jian Council.
  7382 | D:7      | Reached XP level 10. HP: 43/68 MP: 10/10
  7833 | D:8      | Reached ***** piety under Hepliaklqana
  7849 | D:8      | Reached skill level 7 in Dodging
  8149 | D:8      | Found a sparkling altar of Nemelex Xobeh.
  8693 | D:9      | Noticed an elephant
  8695 | D:9      | Noticed an elephant
  8697 | D:9      | Noticed an elephant
  8707 | D:9      | Noticed an elephant
  8758 | D:8      | Killed an elephant
  8765 | D:8      | Killed an elephant
  8766 | D:8      | Reached skill level 8 in Dodging
  8766 | D:8      | Reached XP level 11. HP: 52/75 MP: 11/11
  9316 | D:9      | Killed an elephant
  9519 | D:9      | Killed an elephant
  9703 | D:10     | Entered Level 10 of the Dungeon
  9708 | D:10     | Noticed Maurice
  9714 | D:10     | Paralysed by something for 6 turns
  9724 | D:10     | Paralysed by something for 5 turns
  9739 | D:10     | Found a runed translucent gate.
  9739 | D:10     | Found a runed translucent gate.
  9739 | D:10     | Found a runed translucent gate.
  9740 | D:10     | Killed Maurice
  9747 | D:10     | Found a corrupted altar of Lugonu.
  9762 | D:10     | Noticed harness's ghost (journeyman DrTm)
  9793 | D:10     | Found a one-way gate to the infinite horrors of the Abyss.
 10046 | D:10     | Reached skill level 1 in Axes
 10110 | D:10     | Found a staircase to the Lair.
 10239 | D:10     | Noticed a two-headed ogre
 10253 | D:10     | Killed a two-headed ogre
 10483 | D:10     | Reached skill level 9 in Dodging
 10556 | D:10     | Found a shadowy altar of Dithmenos.
 10736 | D:10     | HP: 1/117 [harness's ghost (13)]
 10737 | D:10     | Mangled by harness's ghost

Illustrated notes

Levels and vault maps discovered:
D:1:      tarquinn_simple_flora_water_c, layout_basic,
          chequers_ecumenical_altar_island, columned_hall_lemuel
D:2:      layout_rooms, uniq_natasha, uniq_jessica
D:3:      layout_loops_corners, grunt_qazlal_clouds, minmay_misc_feat_square,
          corexii_corridor_pit, chequers_serial_rivers_small_b
D:4:      layout_basic, chequers_temple_overflow_statue_of_worship,
          serial_shops, shop_fountains, gup_sewer_entry_bowl
D:5:      layout_rooms, mainiacjoe_overflow_paths, grunt_gozag_breadcrumbs,
          trog_hazing_becter, minmay_temple_entry_drinking_statues,
          uniq_menkaure
D:6:      cheibrodos_iron_armory, layout_loops_cross,
          nicolae_vehumet_altar_sigil, makhleb_blood_cavern_becter,
          hellmonk_bongcloud_opening, amcnicky_mini_corridor_feature
D:7:      layout_basic, kennysheep_mini, kiku_gazebo_pond_becter
D:8:      kennysheep_steamy, layout_loops_ring, amcnicky_altar_gilded
D:9:      wad_woods_tower, layout_basic, grunt_ministairs_15
D:10:     layout_loops_ring, grunt_dithmenos_smoke, erik_lair_orcish_takeover,
          biasface_ghost_orc_armoury, chequers_serial_rivers_micro_c,
          grunt_ministairs_4, amcnicky_altar_lugonu_corruption, uniq_maurice

Skill      XL: |  1  2  3  4  5  6  7  8  9 10 11 |
---------------+----------------------------------+-----
Maces & Flails | 1 2 3 4 6 8 |  8.7
Fighting       | 2 3 4 5 7 8 |  8.5
Armour         | 3 4 5 6 7 |  7.1
Dodging        | 2 3 5 6 8 9 |  9.0
Evocations     | 4 5 6 |  6.3
Axes           | 3 |  3.6
Stealth        | |  1.0

Action                   |  1- 3 |  4- 6 |  7- 9 | 10-12 || total
-------------------------+-------+-------+-------+-------++-------
Melee: Club              |    68 |    39 |       |       ||   107
       Whip              |       |    21 |   178 |   263 ||   462
       Battleaxe         |       |       |       |    68 ||    68
Invok: Ancestor Identity |     1 |       |       |       ||     1
       Ancestor Life: Kn |     1 |       |       |       ||     1
Evoke: Wand              |    10 |     8 |     8 |    34 ||    60
       Piece from Xom's  |       |     3 |     1 |    13 ||    17
  Use: Scroll            |       |     4 |     6 |     9 ||    19
       Potion            |       |       |       |     5 ||     5
 Stab: Sleeping          |     3 |     1 |     1 |       ||     5
       Paralysed         |       |     2 |       |       ||     2
       Distracted        |       |       |     3 |     1 ||     4
       Petrified         |       |       |       |     2 ||     2
       Petrifying        |       |       |       |     1 ||     1
Armor: Leather armour    |    29 |    11 |    28 |       ||    68
       Ring mail         |       |       |    23 |   111 ||   134
       Swamp dragon scal |       |       |       |    13 ||    13
       Skin              |       |       |       |     8 ||     8
Dodge: Dodged            |    47 |    50 |   105 |   245 ||   447
